 Dungeon Crawl Stone Soup version 0.30-a0-760-g5a9884bb7c (webtiles) character file.

Game seed: 406356060589060465

1423 Dittersdorf the Covered (level 8, -1/52 HPs)
             Began as a Gargoyle Fighter on Feb 10, 2023.
             Slain by an ogre
             ... wielding a +0 giant club
              (3 damage)
             ... on level 7 of the Dungeon.
             The game lasted 00:07:28 (6377 turns).

Dittersdorf the Covered (Gargoyle Fighter)          Turns: 6377, Time: 00:07:29

Health: -1/52      AC: 20    Str: 23    XL:     8   Next: 72%
Magic:  8/8        EV:  8    Int:  8    God:
Gold:   284        SH:  9    Dex:  9    Spells: 7/7 levels left

rFire   . . .      SeeInvis +    a - +1 flail (protect)
rCold   . . .      Faith    .    w - +0 kite shield
rNeg    + . .      Spirit   .    b - +0 scale mail
rPois   ∞          Reflect  .    (no helmet)
rElec   +          Harm     .    (no cloak)
rCorr   +          Rampage  .    (no gloves)
Will    .....                    (no boots) Stlth
                                 (no amulet)
HPRegen 0.28/turn                f - ring of resist corrosion
MPRegen 0.11/turn                l - ring of see invisible

@: under a protective aura
A: sickness immunity, AC +5, negative energy resistance 1, electricity
resistance, torment resistance 1, petrification resistance
a: no special abilities


You were on level 7 of the Dungeon.
You visited 1 branch of the dungeon, and saw 7 of its levels.

You collected 284 gold pieces.

Inventory:

Hand Weapons
 a - a +1 flail of protection (weapon)
 v - a +0 morningstar
Missiles
 q - 18 poisoned darts (quivered)
Armour
 b - a +0 scale mail (worn)
 w - a +0 kite shield (worn)
Jewellery
 f - a ring of resist corrosion (left hand)
 l - a ring of see invisible (right hand)
Scrolls
 p - 4 scrolls of teleportation
 u - a scroll of identify
Potions
 d - 2 potions of might
 e - 2 potions of heal wounds {unknown}
 g - 3 potions of haste {unknown}
 h - 2 potions of degeneration {unknown}
 i - 4 potions of flight {unknown}
 j - 6 potions of curing {unknown}
 k - 3 potions of mutation {unknown}
 m - a potion of berserk rage
 n - a potion of magic {unknown}
 o - 2 potions of cancellation {unknown}
 r - a potion of ambrosia
 s - 2 potions of invisibility {unknown}
 t - a potion of brilliance {unknown}


   Skills:
 + Level 6.6 Fighting
 + Level 5.5 Maces & Flails
 + Level 6.6 Armour
 + Level 6.5 Shields


You had 7 spell levels left.
You didn't know any spells.
Your spell library contained the following spells:

 Spells                   Type           Power      Damage    Failure   Level
 Apportation              Tloc           0%         N/A       95%         1
 Necrotise                Necr           0%         1d4       95%         1
 Summon Small Mammal      Summ           0%         N/A       95%         1


Dungeon Overview and Level Annotations

Branches:
Dungeon (7/15)
 Temple: D:4-7

Altars:
Nemelex Xobeh
Sif Muna

Shops:
D:4 =[[(


Innate Abilities, Weirdness & Mutations

You are immune to sickness and miasma.
Your stone body is resilient. (AC +5)
You are immune to poison.
You resist negative energy. (rN+)
You are resistant to electric shocks. (rElec)
You are resistant to unholy torment.
You are immune to petrification.


Message History

Found a scale mail, 31 gold pieces and a rapier.
You hit the gnoll.
Your weapon exudes an aura of protection.
The gnoll is moderately wounded.
A centaur comes into view.
An ogre comes into view. It is wielding a +0 giant spiked club.
A kobold comes into view. It is wielding a +0 short sword.
You block the gnoll's attack.
You hit the gnoll.
The gnoll is heavily wounded.
A gnoll comes into view. It is wielding a +0 spear.
You block the gnoll's attack.
You sock the gnoll!
You kill the gnoll!
The hound barely misses you.
The centaur wields a +0 shortbow.
The centaur shoots an arrow.
The arrow barely misses you.
The gnoll sergeant hits you but does no damage.
The hound bites you but does no damage. You block the gnoll sergeant's attack.
The ogre hits you with a +0 giant club.
You sock the hound!
The hound is severely wounded.
The hound bites you but does no damage. You block the hound's attack.
The gnoll sergeant hits you from afar with a +4 spear of flaming.
The gnoll sergeant burns you.
The orc priest invokes the aid of Beogh against you.
Beogh smites you!
You hit the hound.
You kill the hound!
The ogre hits you with a +0 giant club! The gnoll sergeant barely misses you.
You are too injured to fight recklessly!
The ogre attacks as you move away! The ogre barely misses you.
The centaur shoots an arrow.
The arrow hits you but does no damage.
The orc priest calls down the wrath of Beogh upon you.
Beogh smites you!
* * * LOW HITPOINT WARNING * * *
The centaur shoots an arrow.
You block the arrow.
The centaur shoots an arrow.
The arrow hits you.
* * * LOW HITPOINT WARNING * * *
The ogre attacks as you move away! The ogre hits you with a +0 giant club.
You die... #..$.... #..> #...... #### #.)... #Oo.$ #gKg

#ch# #..# #.O#
#.@# #..+ #..+
#.....## # #..#
#PPPP..# # #..#
♣P♣... # #..#
♣♣PP.##### #..#
♣P♣..##... #..#
#♣PP..##.##
#..######..†.....#


You could see 2 ogres, a gnoll sergeant, a centaur, a hound, an orc priest, a
gnoll and a kobold.

Vanquished Creatures
  An ice beast (D:6)
  A black bear (D:6)
  A necrophage (D:5)
  2 scorpions
  A gnoll sergeant (D:7)
  2 howler monkeys (D:5)
  4 jellies
  3 orc priests
  6 hounds
  An iguana (D:4)
  5 orc wizards
  11 gnolls
  8 adders
  2 shadow imps
  2 white imps (D:6)
  2 ufetubi
  4 worms
  3 dart slugs
  18 orcs
  4 ball pythons
  3 bats
  15 endoplasms
  14 giant cockroaches
  12 goblins
  13 hobgoblins
  9 kobolds
  A quokka (D:4)
  5 frilled lizards
  5 rats
158 creatures vanquished.

Vanquished Creatures (others)
  25 plants (D:3)
25 creatures vanquished.

Grand Total: 183 creatures vanquished

Notes
Turn   | Place    | Note
-------+----------+-------------------------------------------
     0 | D:1      | Dittersdorf the Gargoyle Fighter began the quest for the
                  | Orb.
     0 | D:1      | Reached XP level 1. HP: 14/14 MP: 1/1
    69 | D:1      | Reached XP level 2. HP: 8/19 MP: 2/2
   159 | D:1      | Found a faded altar of an unknown god.
   339 | D:1      | Reached XP level 3. HP: 13/23 MP: 3/3
  1376 | D:2      | Reached XP level 4. HP: 28/29 MP: 4/4
  1898 | D:3      | Identified the +1 robe of Gozag's Grace {rPois rCorr Int+3}
  1994 | D:3      | Reached XP level 5. HP: 28/33 MP: 5/5
  2684 | D:4      | Found Keet Ydu's Antique Weapon Boutique.
  2846 | D:4      | Found Tess's Armour Emporium.
  2870 | D:4      | Found a sparkling altar of Nemelex Xobeh.
  2967 | D:4      | Found Duiwonew's Armour Shoppe.
  3083 | D:4      | Found Axzoxur's Jewellery Emporium.
  3237 | D:4      | Reached XP level 6. HP: 29/39 MP: 6/6
  3692 | D:5      | Entered Level 5 of the Dungeon
  3773 | D:5      | Reached skill level 5 in Fighting
  3773 | D:5      | Reached skill level 5 in Armour
  3773 | D:5      | Reached skill level 5 in Shields
  3828 | D:5      | Reached XP level 7. HP: 35/44 MP: 7/7
  4099 | D:5      | Found a shimmering blue altar of Sif Muna.
  4697 | D:6      | Reached XP level 8. HP: 42/51 MP: 8/8
  5312 | D:6      | Reached skill level 5 in Maces & Flails
  6376 | D:7      | HP: 2/52 [centaur/arrow (2)]
  6377 | D:7      | Slain by an ogre

Illustrated notes

Levels and vault maps discovered:
D:1:      sevenhm_arrival_forest_fort_large_4, layout_loops_cross,
          shapermc_ecumenical_altar_totnotflames
D:2:      layout_basic, kennysheep_another_room, ebering_dispersal_statue_hall
D:3:      wad_woods_pond, layout_basic
D:4:      layout_gridville, nemelex_xobeh_ov_fountains_minmay, serial_shops,
          shop, nicolae_shop_waterfront, shop, shop, minmay_cut_off
D:5:      layout_basic, lemuel_blue_sif_altar, serial_glass, glass_columns_b,
          glass_columns_a, st_stairs_14
D:6:      layout_cave_pods, serial_co_window_serial, co_window_corner_a,
          co_window_paths_a, co_window_corner_a, co_window_corner_a,
          co_window_of_opportunity_a, co_window_corner_a,
          co_window_of_opportunity_a, co_window_paths_a, co_window_corner_a,
          co_window_2corner, co_window_unsneaky_path_c, co_window_corner_b,
          co_window_paths_c, glass_columns_c
D:7:      kennysheep_housing_project, layout_loops_ring, temple_hall

Skill      XL: |  1  2  3  4  5  6  7  8 |
---------------+-------------------------+-----
Fighting       | 4 5 6 |  6.6
Shields        | 4 5 6 |  6.5
Armour         | 4 5 6 |  6.6
Maces & Flails | 3 4 5 |  5.5

Action                     |  1- 3 |  4- 6 |  7- 9 || total
---------------------------+-------+-------+-------++-------
  Melee: Flail             |   150 |   210 |   244 ||   604
    Use: Scroll            |       |     7 |     2 ||     9
 Armour: Scale mail        |   112 |   104 |   135 ||   351
  Dodge: Dodged            |   115 |   111 |   121 ||   347
  Block: Buckler           |    33 |    37 |    43 ||   113
         Kite shield       |       |       |    34 ||    34

Table legend: (Time is in decaauts)
 A = Elapsed time spent in this place.
 B = Non-inter-level travel time spent in this place.
 C = Inter-level travel time spent in this place.
 D = Time resting spent in this place.
 E = Time spent auto-exploring this place.
 F = Levels seen in this place.
 G = Mean time per level.
                   A        B        C        D        E       F      G
               +--------+--------+--------+--------+--------+-----+--------+
         Total |   6540 |   6282 |    258 |    328 |   4655 |   7 |  934.3 |
       Dungeon |   6540 |   6282 |    258 |    328 |   4655 |   7 |  934.3 |
               +--------+--------+--------+--------+--------+-----+--------+

Top non-repeatable levels by time:
     D:3: 1183 daAuts
     D:6: 1178 daAuts
     D:1: 1008 daAuts
     D:5: 949 daAuts
     D:4: 888 daAuts
     D:2: 721 daAuts
     D:7: 610 daAuts
